cohdb
Replays
Latest Replays
All Replays
Popular Replays
Top Player Replays
Match Explorer
How It Works
Community
CoH3 Stats
Reddit
Sign in to upload your games and track your stats! →
Sign in with Steam
Match 27728608
Unlisted
Match 27728608
Overview
Messages
Build Orders
End
Construct Infanterie Kompanie
Selects Breakthrough Battlegroup
Selects Assault Grenadiers
Grenadier Squad
MG 42 Machine Gun Team
GrW 34 Mortar Team
Grenadier Squad
Medical Station
Construct Panzergrenadier Kompanie
251 Medium Carrier
Pak 40 Anti-tank Gun Team
Construct Panzer Kompanie
Selects Smoke Bombing Run
Selects Mechanized Assault Group
Mechanized Assault Group
Panzer IV Medium Tank
Pioneer Squad
Pioneer Squad
MG 42 Machine Gun Team
HoeIMeetYourMum
Titan
iAinEng
GoodguyCH13F
Ikarus
t(-_-t)#Eat_this
Sp1r1†
云茹
0
0
Comments
sign in to comment!
No comments posted yet!